 Dungeon Crawl Stone Soup version 0.31-a0-236-g9a0961fb85 (webtiles) character file.

Game seed: 3610678864613531665

54 qw the Shooter (level 3, -6/21 HPs)
             Began as a Gargoyle Hexslinger on July 10, 2023.
             Mangled by a gnoll
             ... wielding a +0 halberd
              (7 damage)
             ... on level 2 of the Dungeon.
             The game lasted 00:00:25 (743 turns).

qw the Shooter (Gargoyle Hexslinger)                 Turns: 743, Time: 00:00:26

Health: -6/21      AC:  8    Str: 11    XL:     3   Next: 91%
Magic:  4/4        EV: 10    Int: 13    God:
Gold:   39         SH:  0    Dex: 14    Spells: 3/4 levels left

rFire   . . .        Y - +1 sling
rCold   . . .        (no shield)
rNeg    + . .        i - +0 ring mail
rPois   inf          (no helmet)
rElec   +            (no cloak)
rCorr   .            (no gloves)
SInv    .            (no boots)
Will    .....        (no amulet)
Stlth   +            (no ring)
HPRegen 0.23/turn    (no ring)
MPRegen 0.09/turn

%: no passive effects
@: no status effects
A: sickness immunity, AC +3, negative energy resistance 1, electricity
resistance, torment resistance 1, petrification resistance
a: no special abilities


You were on level 2 of the Dungeon.
You visited 1 branch of the dungeon, and saw 2 of its levels.

You collected 39 gold pieces.


Innate Abilities, Weirdness & Mutations

You are immune to sickness and miasma.
Your stone body is resilient. (AC +3)
You are immune to poison.
You resist negative energy. (rN+)
You are resistant to electric shocks. (rElec)
You are resistant to unholy torment.
You are immune to petrification.


   Skills:
 - Level 2.0 Fighting
 + Level 3.7 Ranged Weapons
 - Level 1.5 Dodging
 - Level 1.0 Spellcasting
 - Level 2.6 Hexes


You had 3 spell levels left.
You knew the following spells:

 Your Spells              Type           Power      Damage    Failure   Level
a - Slow                  Hex            28%        N/A       22%         1

Your spell library contained the following spells:

 Spells                   Type           Power      Damage    Failure   Level
 Inner Flame              Hex/Fire       4%         N/A       75%         3
 Portal Projectile        Hex/Tloc       8%         N/A       75%         3
 Cause Fear               Hex            3%         N/A       92%         4

Inventory:

Hand Weapons
 Y - a +1 sling (weapon)
Armour
 i - a +0 ring mail (worn)
Jewellery
 b - a +6 ring of strength
Scrolls
 g - a scroll of identify
Potions
 a - a potion of resistance {unknown}
 d - a potion of haste {unknown}
 e - a potion of brilliance {unknown}
 j - 2 potions of attraction {unknown}
 k - a potion of mutation {unknown}

Dungeon Overview and Level Annotations

Branches:
Dungeon (2/15)

Altars:


Message History

You shoot a sling bullet. The sling bullet hits the gnoll.
The gnoll is lightly wounded.
The gnoll hits you from afar with a +0 halberd.
You shoot a sling bullet.
The sling bullet hits the gnoll but does no damage.
The gnoll is lightly wounded.
The gnoll closely misses you.
A rat comes into view.
You shoot a sling bullet.
The sling bullet closely misses the gnoll.
The gnoll barely misses you.
You shoot a sling bullet.
The sling bullet barely misses the gnoll.
You shoot a sling bullet. The sling bullet hits the rat.
You kill the rat!
The gnoll hits you but does no damage.
The gnoll hits you from afar with a +0 halberd.
You shoot a sling bullet.
The sling bullet hits the gnoll but does no damage.
The gnoll closely misses you.
The gnoll hits you from afar with a +0 halberd.
The gnoll misses you.
The gnoll hits you from afar with a +0 halberd.
You shoot a sling bullet. The sling bullet hits the gnoll.
The gnoll is lightly wounded.
The gnoll closely misses you.
The gnoll hits you from afar with a +0 halberd.
You shoot a sling bullet.
The sling bullet barely misses the gnoll.
The gnoll hits you from afar with a +0 halberd.
The gnoll closely misses you. The gnoll completely misses you.
The gnoll barely misses you.
You shoot a sling bullet. The sling bullet hits the gnoll.
The gnoll is moderately wounded.
The gnoll hits you but does no damage.
The gnoll hits you from afar with a +0 halberd.
You shoot a sling bullet. The sling bullet hits the gnoll.
The gnoll is severely wounded.
The gnoll hits you from afar with a +0 halberd!
You die...

... ..#.. .....#.##
...##.#.# #.......#
...##.#.# #.......#
...##.#.# #.[.....#
...##'#.# #....<..#
........###.......#
..........%)......#
.......#####......#
...)...........#@##
.......#########.#
..........


gg# .......#... .... ########... ..... ....... .. ....... ####### ........ #
.......... # You could see 2 gnolls.

Vanquished Creatures
  2 gnolls (D:2)
  A dart slug (D:1)
  4 ball pythons
  4 bats
  5 endoplasms
  A giant cockroach (D:2)
  A goblin (D:2)
  4 hobgoblins
  3 quokkas
  A frilled lizard (D:1)
  A kobold (D:1)
  4 rats
31 creatures vanquished.

Notes
Turn   | Place    | Note
-------+----------+-------------------------------------------
     0 | D:1      | qw the Gargoyle Hexslinger began the quest for the Orb.
     0 | D:1      | Reached XP level 1. HP: 12/12 MP: 2/2
     0 | D:1      | 0 ||| qw: Version: 0.3-a-52-g30416fa
     0 | D:1      | 0 ||| qw: Game counter: 4636
     0 | D:1      | 0 ||| qw: Melee chars always use a shield: true
     0 | D:1      | 0 ||| qw: God list: Okawaru
     0 | D:1      | 0 ||| qw: Allow faded altars: false
     0 | D:1      | 0 ||| qw: Do Orc after clearing Dungeon:15 true
     0 | D:1      | 0 ||| qw: Do second Lair branch before Depths: true
     0 | D:1      | 0 ||| qw: Lair rune preference: random
     0 | D:1      | 0 ||| qw: Goals: Normal
     0 | D:1      | 0 ||| PLANNING D:1-11
     6 | D:1      | Noticed a hound
     6 | D:1      | Noticed a swamp worm
     6 | D:1      | Noticed a black bear
     7 | D:1      | Noticed a redback
     7 | D:1      | Noticed a water moccasin
   100 | D:1      | Reached XP level 2. HP: 16/16 MP: 3/3
   183 | D:1      | Reached skill level 3 in Ranged Weapons
   532 | D:1      | 532 ||| UPGRADING to +0 ring mail.
   542 | D:1      | 542 ||| DROPPING +0 robe.
   543 | D:1      | 543 ||| READING 2 scrolls labelled ENELUNN HA NYCS.
   544 | D:1      | 544 ||| READING 2 scrolls labelled COCEOD SYTUSCH.
   545 | D:1      | 545 ||| READING scroll labelled FOEJIBB ZANE.
   546 | D:1      | 546 ||| DROPPING scroll of vulnerability.
   547 | D:1      | 547 ||| DROPPING scroll of poison.
   608 | D:2      | Reached XP level 3. HP: 21/21 MP: 4/4
   740 | D:2      | HP: 5/21 [gnoll/+0 halberd (6)]
   742 | D:2      | HP: 1/21 [gnoll/+0 halberd (4)]
   743 | D:2      | Mangled by a gnoll

Levels and vault maps discovered:
D:1:      onia_arrival_zoo_common, layout_rooms
D:2:      layout_basic, hangedman_feature_mirror

Skill      XL: |  1  2 |
---------------+-------+-----
Ranged Weapons | 3 |  3.7
Fighting       | 2 |  2.0
Dodging        | |  1.5
Spellcasting   | |  1.0
Hexes          | |  2.6

Action                     || total
---------------------------++-------
   Fire: Sling             ||   113
    Use: Scroll            ||     3
 Armour: Robe              ||     6
         Ring mail         ||     7
  Dodge: Dodged            ||    28

Table legend:
 A = Non-vault XP
 B = Vault XP
 C = Vault XP percentage of total XP
 D = Non-vault monster count
 E = Vault monster count
 F = Vault count percentage of total count
                 A         B        C        D         E       F
            +---------+---------+-------+---------+---------+-------
      Total |      77 |       1 |   1.3 |      30 |       1 |   3.2
            +---------+---------+-------+---------+---------+-------
        D:1 |      25 |       0 |   0.0 |      14 |       0 |   0.0
        D:2 |      52 |       1 |   1.9 |      16 |       1 |   5.9
            +---------+---------+-------+---------+---------+-------
